 Dungeon Crawl Stone Soup version 0.27-a0-1525-g1038ab4fd7 (webtiles) character file.

Game seed: 16107848349416869402

122544 nyamberluvr69 the Fencer (level 16, -3/121 (134) HPs)
             Began as an Octopode Berserker on July 10, 2021.
             Was a High Priest of Trog.
             Slain by a wolf spider (18 damage)
             ... on level 1 of the Spider Nest.
             The game lasted 01:40:39 (43493 turns).

nyamberluvr69 the Fencer (Octopode Berserker)      Turns: 43493, Time: 01:40:40

HP:   -3/121 (134)  AC:  5    Str: 14    XL:     16   Next: 88%
MP:   16/16         EV: 24    Int:  8    God:    Trog [*****.]
Gold: 2704          SH:  0    Dex: 18    Spells: 15/15 levels left

rFire    + . .     SeeInvis .   A - +8 triple sword (flame)
rCold    + . .     Faith    .   (shield currently unavailable)
rNeg     . . .     Spirit   .   n - +2 hat {Stlth+}
rPois    .         Reflect  .   X - amulet of regeneration
rElec    .         Harm     .   s - ring of resist corrosion
rCorr    +         Rampage  .   O - +4 ring of protection
Will     +....                  P - +4 ring of evasion
Stlth    ++++++++..             u - ring "Teimnoz" {rF+ rC+ rCorr Int-4 Slay+2}
HPRegen  1.30/turn              (no ring)
MPRegen  0.15/turn              (no ring)
                                (no ring)
                                (no ring)

@: corroded, on berserk cooldown, slowed, studying Short Blades, drained, very
slow
A: almost no armour, amphibious, 8 rings, camouflage 1, gelatinous body 1,
(nimble swimmer 1), tentacles, iridescent scales 1, clever 1, robust 1, weak 1
a: Renounce Religion, Berserk, Trog's Hand, Brothers in Arms


You were on level 1 of the Spider Nest.
You worshipped Trog.
Trog was extremely pleased with you.
You visited 4 branches of the dungeon, and saw 24 of its levels.
You also visited: Ossuary and Gauntlet.

You collected 2800 gold pieces.
You spent 96 gold pieces at shops.

Inventory:

Hand Weapons
 j - a +1 falchion of holy wrath
 A - a +8 triple sword of flaming (weapon)
 R - a +8 vorpal dagger
 U - the +7 great sword "Qinki" {vorpal, Drain Str+3 Stlth+}
   (You acquired it on level 4 of the Lair of Beasts)

   It inflicts extra damage upon your enemies.
   Str:       It affects your strength (+3).
   Drain:     It drains your maximum health when unequipped.
   Stlth:     It makes you more stealthy.
 Y - a +2 antimagic triple sword
Missiles
 o - 2 throwing nets (quivered)
 p - 9 atropa-tipped darts
 N - 9 curare-tipped darts
Armour
 g - a +0 tower shield
 n - a +2 hat of stealth (worn)
 x - a +1 hat of willpower
 J - a +0 kite shield
Jewellery
 s - a ring of resist corrosion (left tentacle)
 u - the ring "Teimnoz" (on tentacle) {rF+ rC+ rCorr Int-4 Slay+2}
   (You found it on level 6 of the Lair of Beasts)

   [ring of protection from cold]

   Int:       It affects your intelligence (-4).
   Slay:      It affects your accuracy & damage with ranged weapons and melee
   (+2).
   rF:        It protects you from fire.
   rC:        It protects you from cold.
   rCorr:     It protects you from acid and corrosion.
 I - an amulet of faith
 K - an amulet of the acrobat
 O - a +4 ring of protection (right tentacle)
 P - a +4 ring of evasion (on tentacle)
 W - an amulet of reflection
 X - an amulet of regeneration (around mantle)
Wands
 t - a wand of mindburst (19)
 F - a wand of polymorph (7)
 H - a wand of paralysis (3)
 L - a wand of digging (4)
 S - a wand of flame (135)
 V - a wand of acid (17)
Scrolls
 d - 9 scrolls of teleportation
 h - 5 scrolls of immolation
 l - 2 scrolls of identify
 y - 7 scrolls of enchant armour
 z - a scroll of fog
 C - a scroll of brand weapon
 D - 3 scrolls of blinking
 E - 2 scrolls of magic mapping
 G - 2 scrolls of fear
 M - a scroll of torment {unknown}
 T - a scroll of summoning
 Z - 2 scrolls of enchant weapon
Potions
 a - 5 potions of haste
 b - a potion of lignification {unknown}
 c - 5 potions of cancellation
 e - 4 potions of mutation
 f - 8 potions of curing
 i - a potion of resistance {unknown}
 k - 2 potions of invisibility
 m - 4 potions of attraction
 q - 5 potions of flight
 r - 2 potions of magic {unknown}
 v - 5 potions of heal wounds
 w - 2 potions of might
 B - 2 potions of degeneration {unknown}
 Q - a potion of ambrosia {unknown}


   Skills:
 - Level 15.5 Fighting
 + Level 14.9(17.4) Short Blades
 - Level 15.5(17.7) Long Blades
 - Level 10.9 Dodging
 - Level 15.4 Stealth
 - Level 7.0 Unarmed Combat


You had 15 spell levels left.
You didn't know any spells.
Your spell library was empty.

Dungeon Overview and Level Annotations

Branches:
Dungeon (15/15)            Temple (0/1) D:7            Lair (6/6) D:10
 Shoals (0/4) Lair:3       Spider (1/4) Lair:4        Slime (0/5) Lair:6
    Orc (2/2) D:11            Elf (0/3) Orc:2        Vaults (0/5) D:13
 Depths (0/5) D:15        Ossuary (visited)         Gauntlet (visited)

Altars:
Ashenzari
Dithmenos
Gozag
Okawaru
Ru
Sif Muna
Xom
Beogh

Shops:
D:7 *   D:9 *   Orc:2 [([*:

Annotations:
D:7 3 runed translucent doors, Nausicaa's ghost, novice TrMo


Innate Abilities, Weirdness & Mutations

You cannot wear most types of armour.
You are amphibious.
You can wear up to eight rings at the same time.
Your skin changes colour to match your surroundings (Stealth+).
Your rubbery body absorbs attacks. (AC +1, EV +1)
((You are camouflaged near water. (Stealth+)))
You have tentacles for arms and can constrict up to eight enemies at once.
You are partially covered in iridescent scales. (AC +2)
Your mind is acute. (Int +2)
You are robust. (+10% HP)
You are weak. (Str -2)


Message History

The wolf spider closely misses you. The jumping spider pounces on you!
The jumping spider barely misses you. The wolf spider hits you!
The wolf spider bites you!
* * * LOW HITPOINT WARNING * * *
You are lethally poisoned!
The wolf spider poisons you!
The jumping spider completely misses you.
The jumping spider bites you.
* * * LOW HITPOINT WARNING * * *
Unknown command.
Unknown command.
You release your grip on the wolf spider.
You feel a strong urge to attack something.
* * * LOW HITPOINT WARNING * * *
You feel extremely sick. The wolf spider hits you.
* * * LOW HITPOINT WARNING * * *
The wolf spider completely misses you.
* * * LOW HITPOINT WARNING * * *
You feel extremely sick.
The jumping spider leaps! x2
Unknown command.
You are too berserk!
You feel your anger nearly subside.
You are no longer berserk.
You are exhausted.
You feel yourself slow down.
* * * LOW HITPOINT WARNING * * *
You feel extremely sick.
You feel better. The jumping spider misses you.
You riposte.
You slice the jumping spider!! You burn the jumping spider.
You grab the jumping spider.
You squeeze the jumping spider, but do no damage.
The jumping spider is severely wounded.
The jumping spider completely misses you.
The wolf spider hits you.
* * * LOW HITPOINT WARNING * * *
The wolf spider completely misses you.
The jumping spider completely misses you.
The jumping spider closely misses you. The wolf spider hits you!!
You die...

...^...#.†...#..... ...
#..##...^.####..#.. ..
....#...........^###^..
........#..##....#...#
#.#
.°......#..#....†...##
##
#....##....#.........#
#.....#.##......#...##
.........ss#....#####
......^ss@#.#..#
!.#..†.s#####.# #..°°.#
### ###...# ##.## ###


You could see 2 wolf spiders, 2 jumping spiders and a redback.

Vanquished Creatures
  Donald (Orc:2)
  The ghost of Hubris850 the Bludgeoner, an adept GrFi of Makhleb (D:15)
  2 orc warlords (Orc:2)
  Nessos (D:15)
  A minotaur (Gauntlet)
  An entropy weaver (Spider:1)
  Azrael (D:14)
  Snorg (D:14)
  A shambling mangrove (Lair:4)
  Josephine (Lair:4)
  4 vault guards (D:13)
  The ghost of Astroef the Spear-Bearer, a journeyman DsFi of Fedhas (D:12)
  5 boulder beetles
  12 hydras
  Harold (D:7)
  A death knight (D:14)
  7 two-headed ogres
  7 centaur warriors
  6 catoblepae
  Erica (D:11)
  14 death yaks
  A storm dragon zombie (D:15)
  An orc high priest (Orc:2)
  6 skeletal warriors
  3 deep elf pyromancers (D:13)
  A phantasmal warrior (D:15)
  2 necromancers
  14 ugly things
  2 wolf spiders
  6 orc knights
  A stone giant zombie (D:15)
  A sphinx skeleton (D:15)
  5 orc sorcerers (Orc:2)
  2 cyclopes
  2 manticores (Lair:6)
  11 elephants
  2 oklob plants (Lair:4)
  2 merfolk sirens (Lair:3)
  2 black mambas
  16 cane toads
  A gargoyle (D:11)
  An efreet (Gauntlet)
  A cane toad (shapeshifter) (D:14)
  Maggie (D:8)
  5 komodo dragons
  A kobold demonologist (D:13)
  A freezing wraith (D:15)
  2 unseen horrors
  3 rime drakes
  3 hellwings (D:11)
  A jumping spider (Gauntlet)
  3 polar bears
  3 trolls
  24 blink frogs
  2 merfolk (Lair:3)
  14 slime creatures
  2 meliai zombies (D:11)
  7 dream sheep
  A centaur simulacrum (D:15)
  A redback (Spider:1)
  A tarantella (Spider:1)
  7 wyverns
  51 yaks
  6 wraiths
  An ettin skeleton (D:15)
  Eustachio (D:5)
  Grum (D:10)
  A vampire (D:12)
  5 fire elementals
  7 basilisks
  10 vampire mosquitoes
  A warg (Orc:2)
  19 water moccasins
  4 hell hounds
  2 ice beasts
  37 orc warriors
  A black bear (shapeshifter) (D:14)
  A necrophage (D:7)
  2 hornet zombies
  4 boggarts (D:14)
  2 black bears
  9 wolves
  A sky beast (D:6)
  7 ogres
  21 centaurs
  A phantom (D:4)
  2 kobold brigands
  Blork the orc (D:6)
  8 bullfrogs
  6 wights
  An electric eel (Lair:1)
  A howler monkey (D:6)
  23 orc priests
  10 jellies
  4 centaur skeletons
  3 centaur zombies
  A bullfrog skeleton (D:4)
  A gnoll shaman (D:5)
  2 iguanas
  27 orc wizards
  Natasha (D:3)
  4 polar bear simulacra (Lair:6)
  2 wolf simulacra (Lair:6)
  3 yak simulacra (Lair:6)
  A hound skeleton (D:5)
  8 mummies (Ossuary)
  A howler monkey zombie (D:5)
  7 gnolls (D:5)
  2 howler monkey skeletons
  8 adders
  An ufetubus (D:4)
  2 worms (D:3)
  3 dart slugs
  60 orcs
  12 ball pythons
  15 endoplasms
  3 giant cockroaches
  2 gnoll zombies (Ossuary)
  5 hobgoblins
  14 jackals
  7 quokkas
  8 bats
  9 frilled lizards
  5 goblins
  3 hobgoblin zombies (Ossuary)
  24 kobolds
  2 kobold zombies (Ossuary)
  An orc zombie (Ossuary)
  10 rats
  2 river rat simulacra (Lair:6)
  2 butterflies (D:10)
747 creatures vanquished.

Vanquished Creatures (others)
  A yak (Lair:6)
  27 fungi
  66 plants
94 creatures vanquished.

Grand Total: 841 creatures vanquished

Notes
Turn   | Place    | Note
-------+----------+-------------------------------------------
     0 | D:1      | nyamberluvr69 the Octopode Berserker began the quest for
                  | the Orb.
     0 | D:1      | Reached XP level 1. HP: 16/16 MP: 1/1
   145 | D:1      | Found a faded altar of an unknown god.
   151 | D:1      | Reached XP level 2. HP: 17/21 MP: 2/2
   640 | D:1      | Reached XP level 3. HP: 26/26 MP: 3/3
  1075 | D:2      | Reached ** piety under Trog
  1546 | D:2      | Reached XP level 4. HP: 33/33 MP: 4/4
  2116 | D:3      | Noticed a water moccasin
  2358 | D:3      | Killed a water moccasin
  2359 | D:3      | Reached XP level 5. HP: 38/38 MP: 5/5
  2586 | D:3      | Reached skill level 5 in Fighting
  2586 | D:3      | Reached skill level 5 in Long Blades
  2586 | D:3      | Reached XP level 6. HP: 18/45 MP: 6/6
  2593 | D:3      | Reached *** piety under Trog
  3229 | D:3      | Noticed Natasha
  3235 | D:3      | Killed Natasha
  4798 | D:4      | Reached XP level 7. HP: 51/51 MP: 7/7
  5182 | D:5      | Entered Level 5 of the Dungeon
  5191 | D:5      | Noticed Eustachio
  5262 | D:5      | Killed Eustachio
  5278 | D:5      | Found a sand-covered staircase.
  5294 | Ossuary  | Entered an ossuary
  5805 | D:5      | Reached XP level 8. HP: 41/60 MP: 8/8
  6351 | D:5      | Found an iron altar of Okawaru.
  6459 | D:5      | Reached **** piety under Trog
  7354 | D:6      | Noticed Blork the orc
  7363 | D:6      | Killed Blork the orc
  7531 | D:6      | Found a broken altar of Ashenzari.
  7584 | D:6      | Gained mutation: You are partially covered in iridescent
                  | scales. (AC +2) [potion of mutation]
  7584 | D:6      | Gained mutation: You are robust. (+10% HP) [potion of
                  | mutation]
  7584 | D:6      | Gained mutation: Your mind is acute. (Int +2) [potion of
                  | mutation]
  7749 | D:6      | Found a shimmering blue altar of Sif Muna.
  7767 | D:6      | Reached XP level 9. HP: 73/73 MP: 9/9
  8228 | D:7      | Noticed Harold
  8236 | D:7      | Killed Harold
  8277 | D:7      | Found Mirast's Gadget Gallery.
  8419 | D:7      | Found a staircase to the Ecumenical Temple.
  8512 | D:7      | Identified the +2 robe of Complete Protection {rPois}
  8604 | D:7      | Found a runed translucent gate.
  8604 | D:7      | Found a runed translucent gate.
  8604 | D:7      | Found a runed translucent gate.
  8844 | D:7      | Noticed Nausicaa's ghost (novice TrMo)
  9161 | D:8      | Reached skill level 10 in Fighting
  9161 | D:8      | Reached skill level 10 in Long Blades
  9283 | D:8      | Noticed Maggie
  9297 | D:8      | Killed Maggie
  9298 | D:8      | Reached XP level 10. HP: 61/84 MP: 10/10
 10494 | D:9      | Found a sacrificial altar of Ru.
 10944 | D:9      | Noticed a two-headed ogre
 10951 | D:9      | Killed a two-headed ogre
 11416 | D:9      | Found Secynno's Assorted Antiques.
 11655 | D:10     | Entered Level 10 of the Dungeon
 11686 | D:10     | Noticed an elephant
 11688 | D:10     | Found a staircase to the Lair.
 12139 | D:10     | Found a shimmering altar of Xom.
 12713 | D:10     | Noticed Grum
 13055 | D:10     | Killed Grum
 13211 | D:9      | Identified a scroll of acquirement
 13212 | D:9      | Acquired a +2 triple sword of flaming
 13357 | D:10     | Killed an elephant
 13358 | D:10     | Reached XP level 11. HP: 93/93 MP: 11/11
 14016 | Lair:1   | Entered Level 1 of the Lair of Beasts
 15648 | Lair:2   | Reached skill level 1 in Stealth
 15949 | Lair:2   | Noticed a five-headed hydra
 16006 | Lair:2   | Reached skill level 5 in Stealth
 16250 | Lair:2   | Killed a two-headed hydra
 16946 | Lair:3   | Noticed a six-headed hydra
 17110 | Lair:3   | Noticed a catoblepas
 17145 | Lair:3   | Killed a catoblepas
 17146 | Lair:3   | Reached XP level 12. HP: 96/101 MP: 12/12
 17287 | Lair:3   | Noticed an eight-headed hydra
 17295 | Lair:3   | Killed a four-headed hydra
 17296 | Lair:3   | Reached skill level 10 in Stealth
 18020 | Lair:3   | Found a staircase to the Shoals.
 18158 | Lair:3   | Noticed a six-headed hydra
 18168 | Lair:3   | Killed a two-headed hydra
 18509 | Lair:3   | Noticed a six-headed hydra
 18523 | Lair:3   | Killed a five-headed hydra
 18631 | Lair:3   | Identified the +6 trident of Mowneava {vorpal, rC+}
 18704 | Lair:3   | Killed a three-headed hydra
 19337 | Lair:4   | Found a hole to the Spider Nest.
 19350 | Lair:4   | Noticed Josephine
 19365 | Lair:4   | Killed Josephine
 19537 | Lair:4   | Reached skill level 15 in Stealth
 20176 | Lair:4   | Reached XP level 13. HP: 107/107 MP: 13/13
 20608 | Lair:4   | Reached skill level 5 in Dodging
 23012 | Lair:4   | Noticed a shambling mangrove
 23012 | Lair:4   | an oklob plant changed into a shambling mangrove
 23018 | Lair:4   | Killed a shambling mangrove
 23322 | Lair:4   | Acquired the +7 great sword "Qinki" {vorpal, Drain Str+3
                  | Stlth+}
 23517 | Lair:5   | Reached skill level 10 in Dodging
 24129 | Lair:5   | Reached XP level 14. HP: 93/114 MP: 14/14
 24898 | Lair:6   | Entered Level 6 of the Lair of Beasts
 25098 | Lair:6   | Found a staircase to the Slime Pits.
 25760 | Lair:6   | Reached ***** piety under Trog
 29467 | Lair:6   | Reached XP level 15. HP: 115/125 MP: 15/15
 29502 | Lair:6   | Identified the ring "Teimnoz" {rF+ rC+ rCorr Int-4 Slay+2}
 30079 | D:11     | Found a staircase to the Orcish Mines.
 30257 | D:11     | Noticed Erica
 30266 | D:11     | Killed Erica
 30470 | D:11     | Reached skill level 15 in Fighting
 30470 | D:11     | Reached skill level 15 in Long Blades
 30481 | D:11     | Found the +4 Cigotuvi's embrace {rMiasma Drain rN+}
 30725 | Orc:1    | Entered Level 1 of the Orcish Mines
 30917 | Orc:2    | Entered Level 2 of the Orcish Mines
 31885 | Orc:2    | Received a gift from Trog
 32124 | Orc:2    | Noticed an orc warlord
 32158 | Orc:2    | Killed an orc warlord
 32353 | Orc:2    | Noticed an orc warlord
 32558 | Orc:2    | Gained mutation: You are weak. (Str -2) [a neqoxec]
 32899 | Orc:2    | Noticed Donald
 32908 | Orc:2    | Killed Donald
 33110 | Orc:2    | Found a staircase to the Elven Halls.
 33598 | Orc:2    | Found Ytzia's Antique Armour Boutique.
 36452 | Orc:2    | Found Vueqat's Antique Weapon Boutique.
 36455 | Orc:2    | Reached skill level 1 in Unarmed Combat
 36524 | Orc:2    | Found Qotrot's Book Boutique.
 37036 | Orc:2    | Killed an orc warlord
 37157 | Orc:2    | Found Booppox's Antique Armour Boutique.
 37173 | Orc:2    | Found Nimell's General Store.
 37180 | Orc:2    | Bought a scroll of identify for 32 gold pieces
 37180 | Orc:2    | Bought 2 scrolls of identify for 64 gold pieces
 37198 | Orc:2    | Acquired a manual of Short Blades
 37434 | D:12     | Noticed Astroef's ghost (journeyman DsFi)
 37900 | D:12     | Reached skill level 5 in Unarmed Combat
 38031 | D:12     | Found a runed translucent door.
 38083 | D:12     | Killed Astroef's ghost
 38137 | D:13     | Found a gate leading to a gauntlet.
 38150 | Gauntlet | Entered a Gauntlet
 38150 | Gauntlet | Found a transporter.
 38159 | Gauntlet | Found a transporter.
 38171 | Gauntlet | Found a transporter.
 38175 | Gauntlet | Found a transporter.
 38185 | Gauntlet | Found a transporter.
 38205 | Gauntlet | Found a transporter.
 38221 | Gauntlet | Found a transporter.
 38235 | Gauntlet | Found a transporter.
 38239 | Gauntlet | Found a transporter.
 38247 | Gauntlet | Found a transporter.
 38277 | Gauntlet | Found a transporter.
 38277 | Gauntlet | Found a transporter.
 39633 | D:13     | Found a gate to the Vaults.
 39770 | D:13     | Received a gift from Trog
 39890 | D:13     | Reached XP level 16. HP: 134/134 MP: 16/16
 40079 | D:13     | Reached skill level 5 in Short Blades
 40775 | D:14     | Noticed Snorg
 40791 | D:14     | Killed Snorg
 40845 | D:14     | Found a shadowy altar of Dithmenos.
 40878 | D:14     | Reached skill level 10 in Short Blades
 41648 | D:14     | Noticed Azrael
 41661 | D:14     | Killed Azrael
 41744 | D:14     | Received a gift from Trog
 42105 | D:15     | Entered Level 15 of the Dungeon
 42156 | D:15     | Found an opulent altar of Gozag.
 42256 | D:15     | Found a staircase to the Depths.
 42663 | D:15     | Found a large runed translucent door.
 42663 | D:15     | Found a large runed translucent door.
 42881 | D:15     | Noticed Nessos
 42888 | D:15     | Killed Nessos
 43002 | D:15     | Noticed Hubris850's ghost (adept GrFi)
 43022 | D:15     | Killed Hubris850's ghost
 43336 | Spider:1 | Entered Level 1 of the Spider Nest
 43493 | Spider:1 | Slain by a wolf spider

Illustrated notes

Levels and vault maps discovered:
D:1:      tarquinn_simple_flora_water_b, layout_basic,
          shapermc_ecumenical_altar_venn, minmay_misc_feat_ornament
D:2:      layout_basic
D:3:      minmay_bubble_buster, layout_basic, minmay_quadrilaterals,
          uniq_natasha
D:4:      minmay_razor_zed, layout_loops_ring, serial_co_window_serial,
          co_window_corner_a, co_window_corner_a, co_window_corner_a,
          co_window_of_opportunity_a, co_window_corner_a, co_window_paths_a,
          co_window_paths_b, co_window_cross_1, co_window_of_opportunity_a,
          co_window_of_opportunity_b, co_window_of_opportunity_c,
          co_window_paths_c, co_window_cross_3, co_window_unsneaky_path_b
D:5:      layout_basic, chequers_ossuary_entry_cave, minmay_misc_feat_roman,
          st_stairs_8, nicolae_zen_rock_garden, kennysheep_cross_room,
          minmay_statues_item, minivault_23, kennysheep_flooded_box,
          uniq_eustachio
D:6:      layout_basic, kennysheep_little_box, nicolae_sif_muna_little_library,
          roderic_lattice_a, uniq_blork_the_orc
D:7:      layout_basic, minmay_temple_entry_enclosed_plants,
          gammafunk_ghost_necromancy, nicolae_shop_gadgets, uniq_harold
D:8:      layout_gridville, minmay_circle_x, uniq_maggie
D:9:      layout_loops_ring, nicolae_ru_great_annihilating_truth, serial_shops,
          nicolae_shop_waterfront
D:10:     layout_roguey, xom_butterflies, david_lair_generic, uniq_grum
D:11:     layout_stronghold, orc_0_dummy, serial_column_ruins,
          column_ruins_square_medium, column_ruins_columns_straight,
          column_ruins_open_tiny, column_ruins_open_tiny,
          column_ruins_columns_water, hellmonk_guarded_unrand_cigotuvi,
          uniq_erica
D:12:     layout_basic, hellmonk_ghost_happy_afterlife
D:13:     layout_basic, lightli_vaults_fourway_checkpoint,
          gauntlet_entry_generic, roderic_serpentine_path
D:14:     layout_roguey, special_room [special_room_orc],
          grunt_dithmenos_smoke_and_mirrors, uniq_azrael, uniq_snorg
D:15:     gammafunk_depths_entry_grave, layout_irregular_city,
          nicolae_gozag_seed_capital, ebering_ghost_disaster_area, uniq_nessos
Lair:1:   wad_woods_04, layout_regular_city, serial_bayou_lake_a
Lair:2:   layout_roguey, st_stairs_11, serial_bayou_shore_b
Lair:3:   layout_regular_city, elwin_shoals_entry_stream
Lair:4:   layout_layer_cave, spider_nest_entry_web_field, serial_bayou_pond_a,
          minmay_lair_oklob_chamber, grunt_megastairs_1, uniq_josephine
Lair:5:   layout_small_grid, columned_hall_lemuel
Lair:6:   evilmike_catoblepas_cave, layout_cave_shapes,
          nicolae_slime_entry_slimehenge, eino_house_with_fridge
Spider:1: layout_spider_delve
Orc:1:    layout_caves
Orc:2:    grunt_orc_cross, layout_caves, basic_altar, serial_shops,
          nicolae_shop_statue_plus, uniq_donald

Skill      XL: |  1  2  3  4  5  6  7  8  9 10 11 12 13 14 15 16 |
---------------+-------------------------------------------------+-----
Fighting       | 4 5 7 8 10 11 12 14 15 | 15.5
Long Blades    | 4 5 7 8 10 11 12 14 15 | 15.5
Stealth        | 9 15 | 15.4
Dodging        | 4 10 | 10.9
Unarmed Combat | 7 |  7.0
Short Blades   | 3 14 | 14.9

Action                   |  1- 3 |  4- 6 |  7- 9 | 10-12 | 13-15 | 16-18 || total
-------------------------+-------+-------+-------+-------+-------+-------++-------
Melee: Falchion          |    57 |   141 |   154 |       |       |       ||   352
       Constrict         |    15 |    44 |    39 |    53 |    95 |    43 ||   289
       Tentacles         |    10 |    35 |    56 |    99 |   200 |    78 ||   478
       Scimitar          |       |       |    43 |   103 |       |       ||   146
       Long sword        |       |       |       |   129 |       |       ||   129
       Triple sword      |       |       |       |    95 |   609 |   271 ||   975
       Punch             |       |       |       |       |    13 |    25 ||    38
       Dagger            |       |       |       |       |       |     4 ||     4
Throw: Throwing net      |       |       |       |     1 |     4 |       ||     5
Invok: Berserk           |       |     5 |    11 |    18 |    23 |     7 ||    64
       Trog's Hand       |       |     1 |     5 |    11 |     6 |     1 ||    24
Evoke: Wand              |       |       |       |     1 |     7 |     1 ||     9
  Use: Scroll            |       |       |    12 |    14 |    10 |       ||    36
       Potion            |       |       |     1 |     2 |     1 |     1 ||     5
 Stab: Sleeping          |     7 |    15 |    10 |    14 |    34 |    21 ||   101
       Distracted        |       |       |     1 |     1 |     4 |     2 ||     8
       Held in net/web   |       |       |       |     1 |     6 |       ||     7
       Paralysed         |       |       |       |     1 |       |     1 ||     2
       Petrified         |       |       |       |       |     5 |       ||     5
       Petrifying        |       |       |       |       |     2 |       ||     2
Armor: Skin              |     1 |    14 |    33 |    71 |   125 |    49 ||   293
Dodge: Dodged            |    32 |    87 |   135 |   250 |   800 |   312 ||  1616
       Rpst.: Falchion   |     6 |    26 |    23 |       |       |       ||    55
       Scimitar          |       |       |     5 |    16 |       |       ||    21
       Long sword        |       |       |       |    23 |       |       ||    23
       Triple sword      |       |       |       |    12 |   208 |    54 ||   274

Table legend: (Time is in decaauts)
 A = Elapsed time spent in this place.
 B = Non-inter-level travel time spent in this place.
 C = Inter-level travel time spent in this place.
 D = Time resting spent in this place.
 E = Time spent auto-exploring this place.
 F = Levels seen in this place.
 G = Mean time per level.
                   A        B        C        D        E       F      G
               +--------+--------+--------+--------+--------+-----+--------+
         Total |  44142 |  42714 |   1428 |  19995 |  14908 |  26 | 1697.8 |
       Dungeon |  19875 |  19065 |    810 |   5540 |  10310 |  15 | 1325.0 |
          Lair |  16162 |  15621 |    541 |   9406 |   3588 |   6 | 2693.7 |
   Spider Nest |    151 |    151 |      0 |    100 |      0 |   1 |  151.0 |
  Orcish Mines |   6598 |   6522 |     76 |   4466 |    801 |   2 | 3299.0 |
       Ossuary |    494 |    494 |      0 |    234 |     55 |   1 |  494.0 |
      Gauntlet |    862 |    862 |      0 |    248 |    154 |   1 |  862.0 |
               +--------+--------+--------+--------+--------+-----+--------+

Top non-repeatable levels by time:
   Orc:2: 5579 daAuts
  Lair:4: 4432 daAuts
  Lair:6: 3732 daAuts
  Lair:5: 2643 daAuts
  Lair:3: 2255 daAuts
     D:9: 1905 daAuts
    D:10: 1741 daAuts
     D:4: 1709 daAuts
  Lair:1: 1665 daAuts
    D:13: 1659 daAuts
     D:5: 1552 daAuts
     D:3: 1546 daAuts
    D:14: 1481 daAuts
  Lair:2: 1433 daAuts
     D:8: 1337 daAuts
